 Dungeon Crawl Stone Soup version 0.24.0-123-gd5b16e6ec5 (webtiles) character file.

Game seed: 14824742589059497657, levelgen mode: deterministic

5761 brucemayne the Severer (level 10, -5/88 HPs)
             Began as a Hill Orc Monk on Jan 23, 2020.
             Was a Priest of the Shining One.
             Killed by refrigeration
             ... invoked by Fannar
              (9 damage)
             ... on level 10 of the Dungeon.
             The game lasted 00:19:05 (4282 turns).

brucemayne the Severer (Hill Orc Monk)              Turns: 4282, Time: 00:19:05

Health: -5/88      AC: 20    Str: 18    XL:     10   Next: 78%
Magic:  13/13      EV:  8    Int: 10    God:    the Shining One [***...]
Gold:   212        SH:  5    Dex: 13    Spells: 9/9 levels left

rFire    + + .     SeeInvis .   g - +3 whip (venom)
rCold    + . .     Gourm    .   I - +0 buckler
rNeg     + . .     Faith    .   K - +3 chain mail
rPois    +         Spirit   .   (no helmet)
rElec    +         Reflect  .   H - +2 cloak {+Inv}
rCorr    +         Harm     .   C - +0 pair of gloves
MR       .....                  E - +2 pair of boots
Stlth    ..........             (no amulet)
HPRegen  0.24/turn              o - ring of protection from fire
MPRegen  0.13/turn              L - ring of wizardry

@: resistant, glowing
A: no striking features
a: Divine Shield, Renounce Religion, Evoke Invisibility


You were on level 10 of the Dungeon.
You worshipped the Shining One.
The Shining One was most pleased with you.
You were not hungry.

You visited 2 branches of the dungeon, and saw 13 of its levels.

You collected 452 gold pieces.
You spent 240 gold pieces at shops.

Inventory:

Hand Weapons
 a - a +0 hand axe
 g - a +3 whip of venom (weapon)
 j - a +0 trident
Missiles
 M - 22 poisoned darts (quivered)
Armour
 b - a +0 robe
 e - a +0 scale mail
 m - a +0 scale mail
 n - a scarf of spirit shield
 w - a +0 cloak
 x - a +0 shield
 C - a +0 pair of gloves (worn)
 E - a +2 pair of boots (worn)
 H - a +2 cloak of invisibility (worn)
 I - a +0 buckler (worn)
 K - a +3 chain mail (worn)
Jewellery
 o - a ring of protection from fire (left hand)
 L - a ring of wizardry (right hand)
Wands
 l - a wand of random effects (22)
 q - a wand of polymorph (9)
Scrolls
 f - a scroll of random uselessness
 i - 2 scrolls of amnesia
 k - 6 scrolls of identify
 p - 2 scrolls of fog
 r - 2 scrolls of noise
 v - 3 scrolls of remove curse
 y - 2 scrolls of enchant armour
 B - a scroll of magic mapping
 D - a scroll of enchant weapon
 F - a scroll of immolation {unknown}
 G - 2 scrolls of teleportation
Potions
 d - a potion of degeneration {unknown}
 h - a potion of curing
 s - a potion of mutation {unknown}
 u - a potion of flight {unknown}
 z - 2 potions of lignification {unknown}
 A - 2 potions of might {unknown}
Comestibles
 c - 6 rations


   Skills:
 - Level 7.7 Fighting
 + Level 15.7 Axes
 - Level 5.6 Armour
 - Level 2.4 Dodging
 - Level 1.5 Stealth
 - Level 4.0 Shields
 - Level 5.1 Invocations


You had 9 spell levels left.
You didn't know any spells.
Your spell library contained the following spells:

 Spells                   Type           Power        Failure   Level  Hunger
 Animate Skeleton         Necr           N/A          83%         1    ##.....
 Apportation              Tloc           #.....       83%         1    ##.....
 Beastly Appendage        Tmut           #.....       83%         1    ##.....
 Confusing Touch          Hex            #.....       83%         1    ##.....
 Summon Small Mammal      Summ           #...         83%         1    ##.....
 Sticks to Snakes         Tmut           #.......     92%         2    ###....
 Spider Form              Tmut/Pois      #.........   99%         3    ####...
 Ice Form                 Ice/Tmut       #.......     100%        4    #####..
 Blade Hands              Tmut           #.........   100%        5    ######.


Dungeon Overview and Level Annotations

Branches:
Dungeon (12/15)            Temple (1/1) D:6            Lair (0/6) D:8
    Orc: D:9-12

Altars:
Ashenzari
Fedhas
Kikubaaqudgha
Makhleb
Qazlal
Uskayaw
Xom
Zin
The Shining One

Shops:
D:4 [   D:7 [   D:10 =

Portals:
Trove: D:10 (give 18 potions of curing)

Annotations:
D:5 exclusion: upstairs
D:10 Fannar


Message History

Fannar gestures at you while chanting. The bolt of cold hits you! You resist.
* * * LOW HITPOINT WARNING * * *
The bolt of cold hits the ice beast.
The ice beast completely resists.
The ice beast hits you but does no damage.
You hit Fannar but do no damage.
Fannar looks as sick as possible!
Fannar is almost dead.
Fannar mumbles some strange words.
Unknown command.
Okay, then.
The ice beast hits you.
* * * LOW HITPOINT WARNING * * *
The ice beast freezes you. You resist.
* * * LOW HITPOINT WARNING * * *
Fannar completely misses you. You block the ice beast's attack.
Unknown command.
Fannar mumbles some strange words.
Fannar drains the heat from the surrounding environment!
You resist.
You feel very cold.
You die...

#..........†....###
########.#...#.####....#
.^...<.>.....#.# #..#.#
########.###.#.# #..#.#
#.# ..######(.#.# #.#
### #....#.#
....######.#.##.#
.........Y.#.##.#
........@Ye#.##.#
...#####.##.##.# #....#
###..# ..# ##


You could see Fannar and 2 ice beasts.

Vanquished Creatures
  Pikel (D:5)
  2 slime creatures (D:11)
  3 yaks (D:10)
  Grum (D:10)
  An ice beast (D:6)
  2 orc warriors
  A black bear (D:10)
  2 sky beasts
  A phantom (D:6)
  An eye of draining (D:9)
  4 wolves (D:10)
  A centaur (D:7)
  8 ogres
  Blork the orc (D:6)
  A big kobold (D:10)
  2 bullfrogs
  2 wyvern zombies
  3 scorpions
  6 killer bees (D:10)
  4 wights (D:10)
  5 howler monkeys
  2 crimson imps (D:5)
  2 centaur zombies
  A bullfrog zombie (D:8)
  A jelly (D:6)
  3 hounds
  Crazy Yiuf (D:5)
  2 bullfrog skeletons
  A centaur skeleton (D:10)
  Ijyb (D:3)
  Terence (D:2)
  6 iguanas
  3 orc wizards
  3 worker ants
  A hound zombie (D:8)
  A hound skeleton (D:4)
  A gnoll (D:5)
  2 adders
  2 shadow imps
  An adder skeleton (D:5)
  2 adder zombies
  2 worms
  A dart slug (D:2)
  8 leopard geckos
  20 orcs
  2 ball pythons
  8 bats
  3 giant cockroaches
  10 goblins
  7 hobgoblins
  5 jackals
  12 kobolds
  4 quokkas
  7 frilled lizards
  A leopard gecko zombie (D:8)
  4 rats
  A fungus (D:5)
184 creatures vanquished.

Vanquished Creatures (others)
  2 gnolls (D:5)
  An adder (D:5)
  A shadow imp (D:5)
  A worm (D:5)
  3 jackals (D:5)
8 creatures vanquished.

Grand Total: 192 creatures vanquished

Notes
Turn   | Place    | Note
-------+----------+-------------------------------------------
     0 | D:1      | brucemayne the Hill Orc Monk began the quest for the Orb.
     0 | D:1      | Reached XP level 1. HP: 19/19 MP: 1/1
   103 | D:1      | Reached XP level 2. HP: 16/26 MP: 2/2
   137 | D:1      | Reached skill level 5 in Axes
   302 | D:2      | Reached XP level 3. HP: 22/31 MP: 3/3
   445 | D:2      | Reached skill level 6 in Axes
   469 | D:2      | Noticed Terence
   578 | D:1      | Reached XP level 4. HP: 21/39 MP: 4/4
   707 | D:3      | Noticed Ijyb
   720 | D:3      | Killed Ijyb
   842 | D:2      | Killed Terence
   842 | D:2      | Reached skill level 7 in Axes
   842 | D:2      | Reached XP level 5. HP: 35/45 MP: 2/5
   974 | D:4      | Found Peblam's Antique Armour Shoppe.
  1018 | D:4      | Reached skill level 8 in Axes
  1059 | D:4      | Noticed an ogre
  1095 | D:5      | Entered Level 5 of the Dungeon
  1114 | D:5      | Found a runed translucent door.
  1115 | D:5      | Noticed Crazy Yiuf
  1122 | D:5      | Killed Crazy Yiuf
  1176 | D:5      | Noticed Pikel
  1178 | D:5      | Noticed a slave
  1179 | D:5      | Noticed a slave
  1185 | D:5      | Noticed an ogre
  1194 | D:5      | Killed Pikel
  1194 | D:5      | Reached skill level 11 in Axes
  1194 | D:5      | Reached XP level 6. HP: 17/51 MP: 6/6
  1194 | D:5      | Reached XP level 7. HP: 19/57 MP: 7/7
  1304 | D:5      | You fall into a shaft and drop 1 floor!
  1304 | D:6      | Found a staircase to the Ecumenical Temple.
  1309 | Temple   | Entered the Ecumenical Temple
  1326 | Temple   | Became a worshipper of the Shining One
  1326 | Temple   | Reached * piety under the Shining One
  1326 | Temple   | Reached ** piety under the Shining One
  1399 | D:6      | Reached skill level 12 in Axes
  1399 | D:6      | Reached XP level 8. HP: 57/64 MP: 8/8
  1924 | D:5      | Reached skill level 5 in Invocations
  2152 | D:6      | Noticed Blork the orc
  2164 | D:6      | Killed Blork the orc
  2232 | D:6      | Reached XP level 9. HP: 53/70 MP: 12/12
  2442 | D:4      | Bought a glowing cloak for 150 gold pieces
  2442 | D:4      | Bought a buckler for 90 gold pieces
  2546 | D:7      | Reached skill level 5 in Armour
  2656 | D:7      | Reached skill level 1 in Shields
  2694 | D:7      | Found Tacziles's Antique Armour Shop.
  2832 | D:8      | Found a staircase to the Lair.
  3005 | D:8      | Reached skill level 5 in Fighting
  3005 | D:8      | Reached skill level 13 in Axes
  3020 | D:8      | Found a hide-covered altar of Uskayaw.
  3062 | D:9      | Found a burning altar of Makhleb.
  3069 | D:9      | Found a blossoming altar of Fedhas.
  3071 | D:9      | Found an ancient bone altar of Kikubaaqudgha.
  3320 | D:8      | Noticed a skeletal warrior
  3433 | D:9      | Reached *** piety under the Shining One
  3448 | D:10     | Entered Level 10 of the Dungeon
  3479 | D:10     | Reached XP level 10. HP: 84/84 MP: 10/13
  3523 | D:10     | Found a portal to a secret trove of treasure.
  3717 | D:10     | Noticed Grum
  3752 | D:10     | Reached skill level 14 in Axes
  3777 | D:10     | Killed Grum
  3853 | D:10     | Found Ebyipre's Jewellery Boutique.
  3948 | D:11     | Reached skill level 15 in Axes
  3963 | D:11     | Found a shattered altar of Ashenzari.
  4134 | D:12     | Noticed a manticore
  4149 | D:11     | Noticed a green ugly thing
  4150 | D:11     | Noticed a manticore
  4253 | D:10     | Noticed Fannar
  4281 | D:10     | HP: 4/88 [ice beast[Fannar] (5)]
  4282 | D:10     | Killed from afar by Fannar

Levels and vault maps discovered:
D:1:      minmay_arrival_stair_chambers, layout_loops_cross,
          minmay_close_crescents
D:2:      layout_rooms, minmay_octomino_e4, uniq_terence, uniq_sigmund
D:3:      layout_loops_ring, first_ration, uniq_ijyb
D:4:      layout_basic, nicolae_overflow_crystal_walls, serial_shops, shop,
          enter_ossuary_2, minmay_fractal_squares_5, uniq_menkaure
D:5:      cheibrodos_helix_gallery, layout_gridville, uniq_pikel,
          uniq_crazy_yiuf_cottage
D:6:      layout_loops_cross, minmay_temple_entry_stoned_glass,
          uniq_blork_the_orc
D:7:      minmay_clustersquares, layout_basic, serial_shops,
          kennysheep_little_box, chequers_serial_rivers_small_3,
          grunt_ogre_cave, minivault_26
D:8:      layout_rooms, marbit_many_paths, dpeg_oklobed_lair
D:9:      layout_long_grid, chequers_temple_overflow_minitemple,
          nicolae_overflow_hidden_temple, gammafunk_ghost_stat_death,
          nrook_pool_corridor, minivault_25
D:10:     layout_basic, serial_shops, shop, enter_trove_1, item_on_display_a,
          uniq_grum, uniq_fannar
D:11:     layout_stronghold, ebering_ghost_inner_flame,
          nicolae_ashenzari_panopticon
D:12:     layout_cave_pods, orc_david_3, serial_shops, shop,
          minmay_guarded_unrand_skullcrusher, uniq_erolcha, uniq_jorgrun
Temple:   dpeg_chambers_temple

Skill      XL: |  1  2  3  4  5  6  7  8  9 10 |
---------------+-------------------------------+-----
Axes           | 5 6 7 11 12 13 15 | 15.7
Invocations    | 5 |  5.1
Armour         | 4 5 |  5.6
Shields        | 4 |  4.0
Fighting       | 6 7 |  7.7
Dodging        | |  2.4
Stealth        | |  1.5

Action                   |  1- 3 |  4- 6 |  7- 9 | 10-12 || total
-------------------------+-------+-------+-------+-------++-------
Melee: Hand axe          |    83 |       |    32 |    66 ||   181
       Whip              |    41 |    81 |   395 |   198 ||   715
Invok: Divine Shield     |       |       |     7 |     4 ||    11
  Use: Scroll            |       |     5 |     6 |     1 ||    12
       Potion            |       |       |     3 |     1 ||     4
  Eat: Chunk             |       |     1 |     5 |     2 ||     8
       Ration            |       |       |     1 |     1 ||     2
Armor: Robe              |     9 |       |       |       ||     9
       Scale mail        |    50 |    30 |    48 |       ||   128
       Chain mail        |       |       |    71 |    98 ||   169
Dodge: Dodged            |    77 |    37 |   120 |    40 ||   274
Block: Other             |       |       |     6 |       ||     6
       Buckler           |       |       |    56 |    90 ||   146
